AoeStats
← celtinhaPP2214

Northern Isles

510623137Analyzed
1v1 RM · 1d ago on Oct 1, 2026· 73m 54s· 2 players
Game mode
Random Map
Map size
Tiny (2 player)
Population
200
Speed
Normal
Resources
Standard
Victory
Conquest
Starting age
Dark Age
Ending age
Imperial Age
RankedLock teamsTeams togetherTeam positionsShared explorationLock speedFull tech treeHidden civsTurbo modeCheats
Victory
Defeat
🇺🇸 Goths · United States
481
+17
🇵🇹 Portuguese · Portugal
414
-13
celtinhaPP2214
14:56 Feudal Age
17:37 Horse Collar
17:46 Double-Bit Axe
21:31 Castle Age
20:51 Gold Mining
20:52 Stone Mining
23:32 Medium Warships
24:00 Bow Saw
23:55 Heavy Plow
23:50 Fletching
24:34 Bodkin Arrow
26:25 Wheelbarrow
31:31 Imperial Age
34:47 Chemistry
33:45 Murder Holes
42:11 Arquebus
42:22 Bracer
63:21 Heavy Warships
70:44 Pikeman
SonOfBrady12
11:27 Feudal Age
13:14 Wheelbarrow
13:56 Double-Bit Axe
15:41 Horse Collar
16:00 Town Watch
17:32 Forging
21:52 Castle Age
20:10 Gold Mining
20:30 Fishing Lines
20:59 Scale Mail Armor
21:05 Man-at-Arms
22:43 Squires
22:05 Long Swordsman
22:52 Heavy Plow
23:12 Gillnets
24:38 Iron Casting
24:09 Scale Barding Armor
24:52 Bow Saw
24:34 Loom
25:12 Chain Mail Armor
25:35 Medium Warships
27:32 Hand Cart
28:10 Murder Holes
27:59 Treadmill Crane
29:29 Heated Shot
31:03 Stone Mining
32:08 Ballistics
32:36 Anarchy
32:09 Demolition Ship
33:00 Town Patrol
33:10 Siphons
35:58 Imperial Age
33:49 Fletching
34:14 Crossbowman
35:25 Clinker Construction
35:27 Careening
35:17 Bodkin Arrow
37:47 Heavy Demolition Ship
40:10 Heavy Warships
42:02 Conscription
41:59 Bracer
46:31 Masonry
47:08 Shipwright
47:12 Carvel Hull
52:07 Blast Furnace
52:35 Incendiaries
53:29 Chemistry
52:45 Two-Handed Swordsman
65:29 Elite Huskarl
66:11 Perfusion
68:19 Architecture
73:53 Spies/Treason
Connection lost

Rejoining the realm…

Still unreachable

The connection could not be restored.

Session expired

The server has moved on; the page needs a fresh start.